 Dungeon Crawl Stone Soup version 0.19-a0-1007-g133f65f (webtiles) character file.

170 TheGoonsmith the Conjurer (level 5, 0/28 HPs)
             Began as a Deep Elf Conjurer on July 19, 2016.
             Slain by Sixotanaka's ghost (8 damage)
             ... on level 3 of the Dungeon.
             The game lasted 00:04:55 (3297 turns).

TheGoonsmith the Conjurer (Deep Elf Conjurer)       Turns: 3297, Time: 00:04:55

Health: 0/28       AC:  2    Str:  5    XL:     5   Next: 25%
Magic:  0/14       EV: 13    Int: 20    God:
Gold:   156        SH:  0    Dex: 16    Spells: 3 memorised, 7 levels left

rFire  . . .     SeeInvis .     d - +0 dagger
rCold  . . .     Gourm    .     a - +0 robe
rNeg   . . .     Faith    .     (no shield)
rPois  .         Spirit   .     (no helmet)
rElec  .         Dismiss  .     (no cloak)
rCorr  .         Reflect  .     (no gloves)
SustAt .         Harm     .     (no boots)
MR     .....                    (no amulet)
Stlth  ++........               (no ring)
                                (no ring)

@: not resistant to hostile enchantments, unstealthy
A: no striking features
a: no special abilities


You were on level 3 of the Dungeon.
You were not hungry.

You visited 1 branch of the dungeon, and saw 3 of its levels.

You collected 156 gold pieces.

Inventory:

Hand Weapons
 d - a +0 dagger (weapon)
Armour
 a - a +0 robe (worn)
Wands
 p - a wand of enslavement (18/24)
Scrolls
 e - a scroll of amnesia {unknown}
 g - 2 scrolls of random uselessness {unknown}
 i - a scroll of immolation {unknown}
 j - 3 scrolls of noise {unknown}
 l - 2 scrolls of remove curse {unknown}
 n - a scroll of magic mapping {unknown}
 o - a scroll of recharging {unknown}
 r - a scroll of blinking {unknown}
 t - a scroll of identify {unknown}
Potions
 k - a potion of cure mutation {unknown}
 u - a potion of degeneration {unknown}
Books
 b - a book of Conjurations

   Spells                             Type                      Level
   a - Magic Dart                     Conjuration                  1
   b - Searing Ray                    Conjuration                  2
   c - Dazzling Spray                 Conjuration/Hexes            3
   d - Fulminant Prism                Conjuration/Hexes            4
   e - Iskenderun's Mystic Blast      Conjuration                  4
   f - Iskenderun's Battlesphere      Conjuration/Charms           5
Comestibles
 c - a bread ration
 f - 2 meat rations
 m - a fruit
 q - a slice of pizza


   Skills:
 - Level 2.4 Dodging
 - Level 2.4 Stealth
 + Level 5.0 Spellcasting
 * Level 6.3 Conjurations
 + Level 0.3 Hexes


You had 7 spell levels left.
You knew the following spells:

 Your Spells              Type           Power        Failure   Level  Hunger
a - Magic Dart            Conj           ####         1%          1    None
b - Searing Ray           Conj           ####..       1%          2    None
c - Fulminant Prism       Conj/Hex       ###.......   30%         4    ####...


Dungeon Overview and Level Annotations

Branches:
Dungeon (3/15)

Altars:
Gozag
Ru

Annotations:
D:3 Sigmund; Sixotanaka's ghost, amateur HESk


Message History

Aim: Sixotanaka's ghost (heavily damaged, shrouded)
The magic dart hits Sixotanaka's ghost.
Sixotanaka's ghost is heavily damaged.
Sixotanaka's ghost barely misses you.
You closely miss Sixotanaka's ghost.
Sixotanaka's ghost is heavily damaged.
Sixotanaka's ghost hits you!
You hit Sixotanaka's ghost but do no damage.
Sixotanaka's ghost is heavily damaged.
Sixotanaka's ghost hits you.
* * * LOW HITPOINT WARNING * * *
Casting: Magic Dart
Confirm with . or Enter, or press ? or * to list all spells.
Aiming: Magic Dart
Press: ? - help, Shift-Dir - straight line, f/p - Sixotanaka's ghost
Aim: Sixotanaka's ghost (heavily damaged, shrouded)
The magic dart hits Sixotanaka's ghost.
Sixotanaka's ghost is heavily damaged.
Sixotanaka's ghost hits you!
You die...

#.###.# #.#### #.....# #.#
###########.## #........#
###.#####..# ##.#.#####..#
##.#..##.....# ###
##.###.#.#.#..#####.########
#.## ##.###....W@..........#
##.###.#.#.....##......###.#
##.#.###.#...###.#.##.# #.#
##.## ####.## #.#....# #.#
#.# #.# #.#.##.# #.# #.# #.#
#.#.##.###.# ###.#######'##
#.#........#
#)......##...###......#####
#.#.###.#.....#######.#####


You could see Sixotanaka's ghost.

Vanquished Creatures
  An orc priest (D:3)
  Jessica (D:3)
  Ijyb (D:3)
  An ooze (D:1)
  A worm (D:2)
  2 dart slugs
  4 giant geckos
  4 orcs (D:3)
  A giant cockroach (D:1)
  8 goblins
  5 hobgoblins
  8 jackals (D:2)
  2 quokkas (D:2)
  7 bats
  A giant newt (D:3)
  11 kobolds
  9 rats
67 creatures vanquished.

Vanquished Creatures (others)
  3 fulminant prisms (D:3)
  A plant (D:1)
4 creatures vanquished.

Grand Total: 71 creatures vanquished

Notes
Turn   | Place    | Note
-------+----------+-------------------------------------------
     0 | D:1      | TheGoonsmith the Deep Elf Conjurer began the quest for the Orb.
     0 | D:1      | Reached XP level 1. HP: 10/10 MP: 6/6
   155 | D:1      | Reached XP level 2. HP: 15/15 MP: 0/8
   549 | D:1      | Reached skill level 5 in Conjurations
   669 | D:1      | Reached XP level 3. HP: 19/19 MP: 6/10
  1387 | D:2      | Found an opulent altar of Gozag.
  1845 | D:2      | Reached XP level 4. HP: 20/24 MP: 2/12
  2120 | D:3      | Found a sacrificial altar of Ru.
  2167 | D:3      | Noticed Jessica
  2171 | D:3      | Killed Jessica
  2203 | D:3      | Learned a level 2 spell: Searing Ray
  2208 | D:3      | Learned a level 4 spell: Fulminant Prism
  2345 | D:3      | Noticed Ijyb
  2358 | D:3      | Killed Ijyb
  2358 | D:3      | Reached skill level 6 in Conjurations
  2529 | D:3      | Reached skill level 5 in Spellcasting
  2529 | D:3      | Reached XP level 5. HP: 5/28 MP: 0/14
  2550 | D:3      | Noticed Sixotanaka's ghost (amateur HESk)
  2847 | D:3      | Noticed Sigmund
  3297 | D:3      | Slain by Sixotanaka's ghost

Vault maps used:
D:1:      arrival_zaba_pyramid, lexackson_kobold_supper
D:2:      nicolae_gozag_seed_capital
D:3:      vehumet_crystals, lemuel_crystal_altar, first_bread, glass_columns_a,
          uniq_iyjb, uniq_jessica, uniq_sigmund

Skill      XL: |  1  2  3  4 |
---------------+-------------+-----
Conjurations   | 5 6 |  6.3
Spellcasting   | 4 5 |  5.0
Dodging        | |  2.4
Stealth        | |  2.4
Hexes          | |  0.3

Action                   |  1- 3 |  4- 6 || total
-------------------------+-------+-------++-------
Melee: Dagger            |     3 |    13 ||    16
 Cast: Magic Dart        |   108 |    47 ||   155
       Fulminant Prism   |       |     3 ||     3
       Searing Ray       |       |     2 ||     2
  Use: Potion            |       |     2 ||     2
  Eat: Chunk             |     2 |     3 ||     5
       Bread ration      |       |     1 ||     1
Armor: Robe              |     1 |       ||     1
Dodge: Dodged            |    12 |    12 ||    24
